 Dungeon Crawl Stone Soup version 0.27-a0-1202-ge72e49191c (webtiles) character file.

Game seed: 350503810254696403

644 Ijustatesigmund the Chopper (level 7, -5/56 HPs)
             Began as a Demonspawn Fighter on June 2, 2021.
             Slain by Pikel
             ... wielding a +0 whip of electrocution
              (8 damage)
             ... on level 5 of the Dungeon.
             The game lasted 00:09:10 (5683 turns).

Ijustatesigmund the Chopper (Demonspawn Fighter)    Turns: 5683, Time: 00:09:11

Health: -5/56      AC: 19    Str: 16    XL:     7   Next: 26%
Magic:  7/7        EV:  5    Int:  9    God:
Gold:   146        SH: 13    Dex: 15    Spells: 6/6 levels left

rFire    . . .     SeeInvis .   a - +1 war axe
rCold    . . .     Faith    .   c - +0 kite shield
rNeg     . . .     Spirit   .   b - +0 chain mail
rPois    .         Reflect  .   i - +1 helmet
rElec    .         Harm     .   (no cloak)
rCorr    .         Rampage  .   (no gloves)
Will     .....                  g - +1 pair of boots
Stlth    ..........             (no amulet)
HPRegen  0.18/turn              (no ring)
MPRegen  0.10/turn              (no ring)

@: sanguine armoured
A: sanguine armour 1, condensation shield
a: no special abilities


You were on level 5 of the Dungeon.
You visited 1 branch of the dungeon, and saw 5 of its levels.

You collected 146 gold pieces.

Inventory:

Hand Weapons
 a - a +1 war axe (weapon)
 m - a +5 club
Armour
 b - a +0 chain mail (worn)
 c - a +0 kite shield (worn)
 g - a +1 pair of boots (worn)
 i - a +1 helmet (worn)
Jewellery
 k - a +4 ring of evasion
Scrolls
 j - a scroll of vulnerability {unknown}


   Skills:
 + Level 5.0 Fighting
 + Level 5.0 Axes
 + Level 4.1 Armour
 - Level 1.9 Dodging
 - Level 2.6 Shields


You had 6 spell levels left.
You didn't know any spells.
Your spell library contained the following spells:

 Spells                   Type           Power      Damage    Failure   Level
 Animate Skeleton         Necr           0%         N/A       100%        1
 Apportation              Tloc           0%         N/A       100%        1
 Corona                   Hex            0%         N/A       100%        1
 Summon Small Mammal      Summ           0%         N/A       100%        1


Dungeon Overview and Level Annotations

Branches:
Dungeon (5/15)
 Temple: D:4-7

Altars:
Cheibriados
Kikubaaqudgha
Sif Muna
Trog

Shops:
D:2 =   D:4 *

Annotations:
D:5 Pikel


Innate Abilities, Weirdness & Mutations

When seriously injured, your bleeding wounds create armour. (AC +6)
A meltable shield of frost defends you. (SH +4)


Message History

The iguana is lightly wounded.
You block the iguana's attack.
It was a potion of cancellation.
Your magical effects are unravelling.
You feel magically purged.
You feel yourself slow down.
Your resistance to elements expires.
The iguana bites you but does no damage.
You slash the iguana!
The iguana is severely wounded.
You block the iguana's attack.
You slash the iguana!
You kill the iguana!
Your chain mail prevents you from hitting Pikel.
You block Pikel's attack. Pikel hits you but does no damage.
You barely miss Pikel.
Pikel is moderately wounded.
Pikel hits you with a +0 whip of electrocution.
* * * LOW HITPOINT WARNING * * *
You miss Pikel.
Pikel is moderately wounded.
You block Pikel's attack. Pikel hits you but does no damage.
You closely miss Pikel.
Pikel is moderately wounded.
Pikel hits you but does no damage.
You closely miss Pikel.
Pikel is moderately wounded.
You block Pikel's attack. Pikel closely misses you.
You barely miss Pikel.
Pikel is moderately wounded.
Pikel hits you but does no damage.
You hit Pikel.
Pikel is moderately wounded.
You block Pikel's attack.
You slash Pikel!
Pikel is heavily wounded.
Pikel hits you but does no damage. x2
You barely miss Pikel.
Pikel is heavily wounded.
Pikel hits you with a +0 whip of electrocution!
You die...

.####.###.###.#####
## #...K.# #......
#####.###.#####
#.....# ###.### #.#
#.#
################.#
.......@K5.......#
##################


You could see Pikel and a lemure.

Vanquished Creatures
  Edmund (D:4)
  A scorpion (D:4)
  A bullfrog zombie (D:4)
  3 jellies
  A bullfrog skeleton (D:4)
  2 hounds (D:4)
  An iguana (D:5)
  3 orc wizards (D:4)
  Ijyb (D:3)
  5 adders
  A dart slug (D:4)
  5 orcs
  2 bats
  8 endoplasms
  5 giant cockroaches
  9 goblins
  5 hobgoblins
  10 jackals
  3 quokkas
  5 ball pythons
  5 frilled lizards
  7 kobolds
  7 rats
91 creatures vanquished.

Notes
Turn   | Place    | Note
-------+----------+-------------------------------------------
     0 | D:1      | Ijustatesigmund the Demonspawn Fighter began the quest for
                  | the Orb.
     0 | D:1      | Reached XP level 1. HP: 18/18 MP: 1/1
   154 | D:1      | Gained mutation: A meltable shield of frost defends you.
                  | (SH +4) [demonic ancestry]
   154 | D:1      | Reached XP level 2. HP: 9/24 MP: 2/2
   343 | D:1      | Found a faded altar of an unknown god.
  1147 | D:1      | Reached XP level 3. HP: 26/29 MP: 3/3
  1217 | D:2      | Found Fireym's Jewellery Emporium.
  1756 | D:2      | Gained mutation: When seriously injured, your bleeding
                  | wounds create armour. (AC +6) [demonic ancestry]
  1756 | D:2      | Reached XP level 4. HP: 20/37 MP: 4/4
  3059 | D:3      | Found a shimmering blue altar of Sif Muna.
  3248 | D:3      | Found a snail-covered altar of Cheibriados.
  3252 | D:3      | Found an ancient bone altar of Kikubaaqudgha.
  3255 | D:3      | Found a bloodstained altar of Trog.
  3444 | D:3      | Noticed Ijyb
  3801 | D:3      | Killed Ijyb
  3802 | D:3      | Reached XP level 5. HP: 27/42 MP: 5/5
  3983 | D:4      | Noticed Edmund
  3996 | D:4      | Killed Edmund
  3997 | D:4      | Reached skill level 1 in Dodging
  4278 | D:4      | Reached XP level 6. HP: 38/49 MP: 6/6
  4800 | D:4      | Reached XP level 7. HP: 37/55 MP: 7/7
  4994 | D:4      | Found Ulihosus's General Store.
  5075 | D:4      | Reached skill level 5 in Axes
  5196 | D:4      | Noticed Pikel
  5219 | D:5      | Entered Level 5 of the Dungeon
  5495 | D:5      | Reached skill level 5 in Fighting
  5645 | D:5      | HP: 2/56 [Pikel/+0 whip of electrocution (16)]
  5670 | D:5      | HP: 1/56 [iguana (4)]
  5676 | D:5      | HP: 2/56 [Pikel/+0 whip of electrocution (1)]
  5683 | D:5      | Slain by Pikel

Illustrated notes

Levels and vault maps discovered:
D:1:      psy_arrival_fountain, layout_rooms, basic_ecumenical_altar
D:2:      layout_basic, serial_shops, shop
D:3:      kennysheep_the_goblin_king, layout_basic,
          nicolae_sif_muna_little_library, grunt_temple_overflow_diamond,
          grunt_ministairs_12
D:4:      layout_layer_cave, marbit_many_paths, serial_shops,
          nicolae_shop_crystal, hangedman_decor_points, uniq_pikel, uniq_edmund
D:5:      layout_loops_ring, general_overflow_altar, uniq_sigmund

Skill      XL: |  1  2  3  4  5  6  7 |
---------------+----------------------+-----
Axes           | 2 3 4 5 |  5.0
Fighting       | 4 5 |  5.0
Armour         | 3 4 |  4.1
Dodging        | 1 |  1.9
Shields        | |  2.6

Action                   |  1- 3 |  4- 6 |  7- 9 || total
-------------------------+-------+-------+-------++-------
Melee: War axe           |   118 |   146 |    52 ||   316
       Unarmed           |       |     8 |       ||     8
  Use: Scroll            |     6 |     4 |     1 ||    11
       Potion            |     2 |     2 |     3 ||     7
Armor: Scale mail        |    49 |       |       ||    49
       Skin              |    14 |     4 |       ||    18
       Chain mail        |    10 |    95 |    37 ||   142
Dodge: Dodged            |    35 |    42 |     8 ||    85
Block: Kite shield       |    96 |   101 |    33 ||   230
       Other             |       |     4 |       ||     4

Table legend: (Time is in decaauts)
 A = Elapsed time spent in this place.
 B = Non-inter-level travel time spent in this place.
 C = Inter-level travel time spent in this place.
 D = Time resting spent in this place.
 E = Time spent auto-exploring this place.
 F = Levels seen in this place.
 G = Mean time per level.
                   A        B        C        D        E       F      G
               +--------+--------+--------+--------+--------+-----+--------+
         Total |   5851 |   5734 |    117 |   1938 |   2900 |   5 | 1170.2 |
       Dungeon |   5851 |   5734 |    117 |   1938 |   2900 |   5 | 1170.2 |
               +--------+--------+--------+--------+--------+-----+--------+

Top non-repeatable levels by time:
     D:3: 1794 daAuts
     D:2: 1284 daAuts
     D:1: 1261 daAuts
     D:4: 1041 daAuts
     D:5: 470 daAuts
